AoeStats
← Marko

Arabia

510742873Analyzed
1v1 RM · 6h ago on Oct 2, 2026· 24m 41s· 2 players
Game mode
Random Map
Map size
Tiny (2 player)
Population
200
Speed
Normal
Resources
Standard
Victory
Conquest
Starting age
Dark Age
Ending age
Imperial Age
RankedLock teamsTeams togetherTeam positionsShared explorationLock speedFull tech treeHidden civsTurbo modeCheats
Victory
Defeat
🇫🇷 Magyars · France
771
+17
🇵🇪 Maya · Peru
793
-27
facemelki
10:33 Feudal Age
11:51 Double-Bit Axe
13:24 Horse Collar
17:15 Scale Barding Armor
22:14 Castle Age
23:01 Husbandry
23:12 Bloodlines
23:40 Chain Barding Armor
Marko
11:28 Feudal Age
14:03 Double-Bit Axe
15:07 Loom
22:26 Fletching
Connection lost

Rejoining the realm…

Still unreachable

The connection could not be restored.

Session expired

The server has moved on; the page needs a fresh start.